 Dungeon Crawl Stone Soup version 0.17.1-3-g152610e (webtiles) character file.

48 macross the Sneak (level 3, -2/18 HPs)
             Began as a Vine Stalker Assassin on Apr 21, 2016.
             Slain by an adder (3 damage)
             ... on level 2 of the Dungeon.
             The game lasted 00:05:45 (1584 turns).

macross the Sneak (Vine Stalker Assassin)           Turns: 1584, Time: 00:05:45

Health: -2/18      AC:  3    Str: 13    XL:     3   Next: 72%
Magic:  0/4        EV: 12    Int: 12    God:
Gold:   60         SH:  0    Dex: 15    Spells: 0 memorised, 2 levels left

rFire  . . .     SeeInvis .     a - +2 dagger
rCold  . . .     Clarity  .     c - +0 robe
rNeg   . . .     SustAt   .     (no shield)
rPois  .         Gourm    .     (no helmet)
rElec  .         Spirit   +     d - +0 cloak
rCorr  .         Warding  .     (no gloves)
rMut   .         Stasis   .     (no boots)
MR     .....                    (no amulet)
Stlth  +++.......               (no ring)
                                (no ring)

@: not resistant to hostile enchantments, fairly stealthy
A: fangs 2, regeneration 1, magic shield, antimagic bite, no device heal 3, rot
immunity
a: no special abilities


You were on level 2 of the Dungeon.
You were not hungry.

You visited 1 branch of the dungeon, and saw 2 of its levels.

You collected 60 gold pieces.

Inventory:

Hand Weapons
 a - a +2 dagger (weapon)
 b - a +0 blowgun
Missiles
 e - 17 poisoned needles (quivered)
 f - 2 curare-tipped needles
Armour
 c - a +0 robe (worn)
 d - a +0 cloak (worn)
Scrolls
 h - a scroll of remove curse {unknown}
 j - 3 scrolls of amnesia {unknown}
 k - a scroll of enchant armour {unknown}
 l - a scroll of teleportation {unknown}
 o - a scroll of identify {unknown}
 p - a scroll of fear {unknown}
Potions
 i - 2 potions of heal wounds {unknown}
 m - 2 potions of agility {unknown}
Comestibles
 g - 3 bread rations
 n - 3 fruits


   Skills:
 + Level 2.2 Fighting
 + Level 1.8 Short Blades
 + Level 2.0 Throwing
 + Level 1.4 Dodging
 + Level 5.6 Stealth


You had 2 spell levels left.
You didn't know any spells.

Dungeon Overview and Level Annotations

Branches:
Dungeon (2/15)

Altars:

Annotations:
D:2 Robin


Innate Abilities, Weirdness & Mutations

You have extremely sharp teeth.
Your natural rate of healing is unusually fast.
When hurt, damage is shared between your health and your magic reserves.
Your bite disrupts and absorbs the magic of your enemies.
Potions and wands cannot restore your health.
You are immune to rotting.


Message History

* * * LOW HITPOINT WARNING * * *
The goblin hits you but does no damage.
You barely miss the goblin. You bite the goblin. You drain its power.
You feel invigorated.
You kill the goblin!
The adder barely misses you. The adder bites you.
* * * LOW HITPOINT WARNING * * *
Robin throws the goblin at you!
There is an open door here.
Things that are here:
a dagger; a goblin corpse The goblin hits you with a club.
* * * LOW HITPOINT WARNING * * *
You hit the goblin.
You kill the goblin!
The adder bites you but does no damage. The adder bites you.
* * * LOW HITPOINT WARNING * * *
The adder bites you.
You die...

.......# #...# #.#..†......
.......# #.#.## ##......####+
.......# #..#..###............
.......# #.#.#.#.##............
.......# ##.#.#.#.##............
)......####.##.#.##.######†)##...
.........##.##.#.##.#### #.># ...
.......#†))..g.S.'.....####### ..
.......####.##.#@##.##.......#...
.......# #.##.#.##.#..........
.......# ##.#.#.#.##.........#
######## #.#.#.#.##.........# #
#..#..##..#'#####.# #.#.##..##.#
#......###.# ######## #.# #.#


You could see Robin and an adder.

Vanquished Creatures
  An ooze (D:1)
  4 bats
  2 giant cockroaches
  9 goblins
  6 hobgoblins
  5 kobolds
  2 quokkas (D:2)
  A ball python (D:1)
  A giant newt (D:1)
  2 jackals (D:2)
  5 rats
38 creatures vanquished.

Notes
Turn   | Place    | Note
--------------------------------------------------------------
     0 | D:1      | macross the Vine Stalker Assassin began the quest for the Orb.
     0 | D:1      | Reached XP level 1. HP: 11/11 MP: 2/2
     2 | D:1      | Noticed an electric eel
    41 | D:2      | Reached skill level 5 in Stealth
    65 | D:2      | Reached XP level 2. HP: 8/15 MP: 1/3
    71 | D:2      | Noticed Robin
   130 | D:1      | Reached skill level 1 in Dodging
   594 | D:1      | Reached XP level 3. HP: 18/18 MP: 4/4
  1584 | D:2      | Slain by an adder

Action                   || total
-------------------------++-------
Melee: Dagger            ||   115
 Stab: Sleeping          ||     3
  Eat: Bread ration      ||     1
       Fruit             ||     1
